 Dungeon Crawl Stone Soup version 0.17.1-2-g5865329 (webtiles) character file.

100 Lonerover the Skirmisher (level 4, -2/41 HPs)
             Began as a Draconian Berserker on Jan 27, 2016.
             Was a Believer of Trog.
             Killed from afar by an orc wizard (5 damage)
             ... with a magic dart
             ... on level 3 of the Dungeon.
             The game lasted 00:12:31 (2474 turns).

Lonerover the Skirmisher (Draconian Berserker)      Turns: 2474, Time: 00:12:32

Health: -2/41      AC:  5    Str: 20      XL:     4   Next: 47%
Magic:  4/4        EV: 12    Int:  3 (5)  God:    Trog [**....]
Gold:   106        SH:  3    Dex: 11      Spells: 0 memorised, 3 levels left

rFire  . . .     SeeInvis .     a - +0 hand axe
rCold  . . .     Clarity  .     (armour unavailable)
rNeg   . . .     SustAt   .     h - +0 buckler
rPois  .         Gourm    .     (helmet restricted)
rElec  .         Spirit   .     (no cloak)
rCorr  .         Warding  .     (no gloves)
rMut   .         Stasis   .     (no boots)
MR     +....                    (no amulet)
Stlth  +.........               q - ring of flight
                                g - ring of protection from magic (curse)

@: very slightly contaminated, somewhat resistant to hostile enchantments, very
unstealthy
A: unfitting armour, big wings, dopey 1, cold-blooded, subdued magic 1, AC +5
a: Fly, Berserk, Trog's Hand, Burn Spellbooks, Renounce Religion, Evoke Flight


You were on level 3 of the Dungeon.
You worshipped Trog.
Trog was pleased with you.
You were not hungry.

You visited 1 branch of the dungeon, and saw 3 of its levels.

You collected 106 gold pieces.

Inventory:

Hand Weapons
 a - a +0 hand axe (weapon)
 s - a +2 vampiric hand axe
Armour
 h - a +0 buckler (worn)
Jewellery
 g - a cursed ring of protection from magic (left hand)
 q - a ring of flight (right hand)
Scrolls
 d - a scroll of fog {unknown}
 k - 2 scrolls of teleportation
Potions
 e - 2 potions of degeneration
 i - a potion of agility
Comestibles
 b - 3 bread rations
 c - a beef jerky


   Skills:
 + Level 4.6 Fighting
 + Level 4.2 Axes
 - Level 2.8 Dodging


You had 3 spell levels left.
You didn't know any spells.

Dungeon Overview and Level Annotations

Branches:
Dungeon (3/15)

Altars:
Ru
Trog


Innate Abilities, Weirdness & Mutations

Your plain brown scales are hard (AC +5).
Your body does not fit into most forms of armour.
You are cold-blooded and may be slowed by cold attacks.
Your large and strong wings let you fly indefinitely.
You are dopey. (Int -2)
Your spells are a little easier to cast, but a little less powerful.


Message History

Something hits you but does no damage.
You miss something. Something hits you.
* * * LOW HITPOINT WARNING * * *
You closely miss something. Something hits you.
* * * LOW HITPOINT WARNING * * *
You barely miss something. Something completely misses you.
You closely miss something. Something hits you.
* * * LOW HITPOINT WARNING * * *
Blink to where?
Press: ? - help, Dir - move target cursor You are very lightly contaminated with residual magic.
As you read the scroll of blinking, it crumbles to dust.
Found 3 fruits.
A magic dart appears from out of thin air!
The magic dart hits you!
* * * LOW HITPOINT WARNING * * *
You see here an adder corpse.
The orc wizard points at you and mumbles some strange words.
The magic dart hits you!
You die...

#........#.##......[.#
........o.#.##........#
......##..#...........#
............)........##
......#.#o..†........#
...........†......####
......#.#....#....#
####...#..#.#.##
#####.@#.#.#
#######.###.##
#...<..........
########....... .......
....... ......( .##.#..
.. .#..


You could see an orc wizard and an orc.

Vanquished Creatures
  2 adders
  3 gnolls (D:2)
  An ooze (D:2)
  A worm (D:2)
  A giant gecko (D:1)
  An orc (D:3)
  3 giant cockroaches
  A goblin (D:1)
  2 hobgoblins
  2 jackals (D:2)
  9 kobolds
  7 bats
  3 giant newts
  A quokka (D:2)
  13 rats
  A fungus (D:1)
51 creatures vanquished.

Notes
Turn   | Place    | Note
--------------------------------------------------------------
     0 | D:1      | Lonerover the Draconian Berserker began the quest for the Orb.
     0 | D:1      | Reached XP level 1. HP: 19/19 MP: 1/1
   131 | D:1      | Reached XP level 2. HP: 21/26 MP: 2/2
   695 | D:1      | Reached ** piety under Trog
   929 | D:2      | Found a sacrificial altar of Ru.
   977 | D:2      | Reached skill level 4 in Fighting
   977 | D:2      | Reached XP level 3. HP: 14/33 MP: 3/3
  1592 | D:2      | Reached XP level 4. HP: 38/41 MP: 4/4
  1806 | D:2      | Noticed a moth of wrath
  1809 | D:2      | Found a bloodstained altar of Trog.
  2258 | D:2      | Gained mutation: Your spells are a little easier to cast, but a little less powerful. [potion of mutation]
  2258 | D:2      | Gained mutation: You are dopey. (Int -2) [potion of mutation]
  2258 | D:2      | Gained mutation: Your large and strong wings let you fly indefinitely. [potion of mutation]
  2449 | D:3      | HP: 1/41 [something (4)]
  2462 | D:3      | HP: 1/41 [something/magic dart (1)]
  2474 | D:3      | Killed from afar by an orc wizard

Action                   |  1- 3 |  4- 6 || total
-------------------------+-------+-------++-------
Melee: Hand axe          |   122 |    69 ||   191
 Abil: Fly               |       |     1 ||     1
       Stop Flying       |       |     1 ||     1
  Use: Scroll            |       |     6 ||     6
       Potion            |       |     5 ||     5
 Stab: Sleeping          |     1 |       ||     1
  Eat: Chunk             |     2 |       ||     2
       Bread ration      |       |     1 ||     1
